 Dungeon Crawl Stone Soup version 0.31.0-32-g396128a36d (webtiles) character file.

Game seed: 9897750078589651412

77 asasucksnuts the Ruffian (level 4, 0/37 HPs)
             Began as a Ghoul Gladiator on Mar 12, 2024.
             Was a Believer of Trog.
             Slain by a rat (3 damage)
             ... on level 3 of the Dungeon.
             The game lasted 00:12:04 (1827 turns).

asasucksnuts the Ruffian (Ghoul Gladiator)          Turns: 1827, Time: 00:12:05

Health: 0/37       AC:  1    Str: 19    XL:     4   Next: 34%
Magic:  4/4        EV: 12    Int:  7    God:    Trog [**....]
Gold:   116        SH:  0    Dex: 10    Spells: 3/3 levels left

rFire   . . .        e - +0 whip
rCold   + . .        (no shield)
rNeg    + + +        (no body armour)
rPois   ∞            b - +0 helmet
rElec   .            (no cloak)
rCorr   .            (no gloves)
SInv    .            (no boots)
Will    .....        (no amulet)
Stlth   +            (no ring)
HPRegen 0.00/turn    (no ring)
MPRegen 0.09/turn

%: no passive effects
@: inhibited regen
A: claws 1, cold resistance 1, negative energy resistance 3, inhibited
regeneration, torment resistance 2, devour on kill
a: Renounce Religion, Trog's Hand


You were on level 3 of the Dungeon.
You worshipped Trog.
Trog was pleased with you.
You visited 1 branch of the dungeon, and saw 3 of its levels.

You collected 116 gold pieces.

Inventory:

Hand Weapons
 e - a +0 whip (weapon)
 k - a +0 club
 l - a +0 whip
 m - a +0 whip of flaming
 o - a +0 dagger
 z - a +0 dagger
 B - a +0 dagger
 C - a +0 whip
 D - a +0 club
 G - a +0 flail
 I - a +0 whip
Missiles
 c - 4 throwing nets (quivered)
 d - a javelin
 f - 22 stones
 i - 2 poisoned darts
 j - 3 atropa-tipped darts
 x - 5 curare-tipped darts
Armour
 a - a +0 leather armour
 b - a +0 helmet (worn)
 h - a +1 pair of gloves
 r - a +0 ring mail
 t - a +0 pair of gloves
 y - a +0 chain mail
Scrolls
 n - a scroll of identify
 p - a scroll of teleportation {unknown}
 q - a scroll of blinking {unknown}
 s - a scroll of enchant weapon {unknown}
 u - a scroll of poison {unknown}
 v - a scroll of noise {unknown}
 E - a scroll of acquirement {unknown}
Potions
 g - 3 potions of heal wounds
 w - a potion of curing
 A - 2 potions of degeneration {unknown}
 F - a potion of attraction
 H - a potion of haste


   Skills:
 + Level 2.4 Fighting
 + Level 0.7 Maces & Flails
 + Level 2.0 Throwing
 + Level 0.2 Armour
 + Level 3.2 Dodging
 + Level 0.5 Stealth
 + Level 4.4 Unarmed Combat


You had 3 spell levels left.
You didn't know any spells.
Your spell library contained the following spells:

 Spells                   Type           Power      Damage    Failure   Level
 Sting                    Conj/Alch      0%         1d3       43%         1
 Mercury Vapours          Alch/Air       0%         N/A       56%         2
 Olgreb's Toxic Radiance  Alch           0%         N/A       99%         4


Dungeon Overview and Level Annotations

Branches:
Dungeon (3/15)

Altars:
Trog


Innate Abilities, Weirdness & Mutations

You are immune to poison.
You have sharp fingernails.
Your flesh is cold resistant. (rC+)
You are immune to negative energy. (rN+++)
You do not regenerate when monsters are visible.
You are immune to unholy pain and torment.
You thrive by killing the living.


Message History

A dart slug comes into view.
A dart slug is nearby!
A dart slug is nearby!
A dart slug is nearby!
A dart slug is nearby!
A dart slug is nearby!
A dart slug is nearby!
A dart slug is nearby!
A dart slug is nearby!
A rat and an orc come into view.
Found 15 gold pieces.
The rat squeaks loudly.
You hear a bark!
You hear a shout!
A hobgoblin comes into view.
A jackal comes into view.
A ribbon worm comes into view.
The jackal barely misses you. The jackal attacks as it pursues you!
The jackal bites you. The dart slug launches a dart at you.
The slug dart misses you.
The teleport trap disappears.
The adder disappears!
The rat attacks as it pursues you! The rat barely misses you.
The jackal bites you.
Okay, then.
Found a stone staircase leading up.
The jackal attacks as it pursues you! The jackal bites you.
The rat attacks as it pursues you! The rat bites you but does no damage.
The jackal attacks as it pursues you! The jackal bites you. x2
The jackal attacks as it pursues you! The jackal bites you.
* * * LOW HITPOINT WARNING * * *
You closely miss the jackal. The jackal completely misses you.
You barely miss the jackal. The jackal closely misses you.
The jackal bites you.
* * * LOW HITPOINT WARNING * * *
The rat bites you.
* * * LOW HITPOINT WARNING * * *
You closely miss the jackal. The jackal barely misses you.
The rat barely misses you. The jackal barely misses you.
You barely miss the jackal. The jackal bites you.
* * * LOW HITPOINT WARNING * * *
The rat bites you.
You die...

# ##..###.##..#
.. §##........%.#
...
...........###.#
#..........#.#..
#..####.###.#...
##ww.g...........
#.go..ow..†..#...
#rh#####..##.....
#.@# ##<# ##.$.
#..######†#.#....
#...............#
...........#...##
##..######..# #.#
#<.. ...# # ##.#
#..# #.# #...
##.#


You could see a ribbon worm, a dart slug, an orc, a jackal, a hobgoblin and a
rat.

Vanquished Creatures
  2 adders (D:2)
  A ribbon worm (D:2)
  An orc (D:3)
  7 ball pythons
  3 bats
  8 endoplasms
  2 giant cockroaches
  5 goblins
  6 hobgoblins
  3 jackals
  3 quokkas
  2 frilled lizards (D:1)
  3 kobolds
  A rat (D:2)
47 creatures vanquished.

Notes
Turn   | Place    | Note
-------+----------+-------------------------------------------
     0 | D:1      | asasucksnuts the Ghoul Gladiator began the quest for the
                  | Orb.
     0 | D:1      | Reached XP level 1. HP: 17/17 MP: 1/1
   230 | D:1      | Reached XP level 2. HP: 15/24 MP: 2/2
   563 | D:1      | Found a faded altar of an unknown god.
   570 | D:1      | Prayed at the altar of an unknown god.
   570 | D:1      | Became a worshipper of Trog the Wrathful
   570 | D:1      | Reached * piety under Trog
   677 | D:1      | Reached skill level 4 in Unarmed Combat
   820 | D:1      | Reached XP level 3. HP: 28/29 MP: 3/3
  1175 | D:2      | Reached XP level 4. HP: 21/36 MP: 4/4
  1799 | D:3      | Reached ** piety under Trog
  1827 | D:3      | Slain by a rat

Illustrated notes

Levels and vault maps discovered:
D:1:      nicolae_arrival_somewhat_less_tricky_arrival, layout_loops_ring,
          hellmonk_ecumenical_altar_inner_sanctum
D:2:      layout_loops_ring
D:3:      layout_loops_ring, tso_metal_star

Skill      XL: |  1  2 |
---------------+-------+-----
Throwing       | 2 |  2.0
Unarmed Combat | 4 |  4.4
Dodging        | 3 |  3.2
Fighting       | |  2.4
Maces & Flails | |  0.7
Armour         | |  0.2
Stealth        | |  0.5

Action                     |  1- 3 |  4- 6 || total
---------------------------+-------+-------++-------
  Melee: Unarmed           |    64 |       ||    64
         Whip              |    38 |    60 ||    98
    Use: Scroll            |       |     4 ||     4
   Stab: Distracted        |     1 |       ||     1
         Sleeping          |       |     1 ||     1
 Armour: Leather armour    |    23 |       ||    23
         Ring mail         |    16 |       ||    16
         Skin              |     4 |    51 ||    55
  Dodge: Dodged            |    77 |    60 ||   137
